[Event "7th Paul Keres Memorial Festival 2026 Classic A"]
[Site "ESTONIA Resort Hotel & Spa conference center, EE"]
[Date "2026.07.31"]
[Round "7"]
[White "Harikrishnan.A.Ra"]
[Black "Zeng, Chongsheng"]
[Result "0-1"]
[Board "1"]
[TimeControl "5400+30"]
[WhiteFideId "5081483"]
[BlackFideId "8603847"]
[WhiteElo "2519"]
[BlackElo "2565"]
[WhiteTitle "GM"]
[BlackTitle "GM"]
[WhiteClock "0:00:45"]
[BlackClock "0:03:56"]
[Variant "Standard"]
[EndDate "2026.07.31"]
[EndTime "11:16:02"]

1. Nf3 d5 2. g3 Nd7 3. d4 e6 4. Bg2 b5 5. e4 dxe4 6. Ng5 Bb7 7. Nxe4 Qc8 8. O-O Ngf6 9. Nxf6+ Nxf6 10. Bg5 Bxg2 11. Kxg2 Nd5 12. Qf3 h6 13. Bd2 Be7 14. Nc3 c6 15. Nxd5 cxd5 16. c3 O-O 17. a4 a6 18. b3 Qc6 19. Qg4 Kh7 20. Qf3 Kg8 21. Qg4 bxa4 22. Rxa4 Rfb8 23. Bxh6 Bf6 24. Bd2 Rxb3 25. Rfa1 Rb2 26. Bg5 Bxg5 27. Qxg5 Rb3 28. h4 Qxc3 29. Qf4 Qd3 30. h5 Rb1 31. Rxb1 Qxb1 32. h6 gxh6 33. Qxh6 Qe4+ 34. Kh2 Qc2 35. Qg5+ Kf8 36. Qh6+ Ke7 37. Rb4 Qxf2+ 38. Kh3 Qf1+ 39. Kh2 Qf2+ 40. Kh3 Qf5+ 41. Kh2 Qc2+ 42. Kh3 Rc8 43. Rb7+ Rc7 44. Qg5+ Kd7 45. Rxc7+ Qxc7 46. Qd2 a5 47. Qb2 Ke7 48. Qb5 Kf8 49. Qb3 Kg7 50. Qd1 Qd8 51. Qg4+ Kf8 52. Qf3 Qg5 53. Qd1 Kg7 54. Qa1 Qe3 55. Qd1 Qe4 56. Kh2 a4 57. Qxa4 e5 58. Qd7 exd4 59. Qd8 Qe2+ 60. Kg1 Qe3+ 61. Kg2 d3 62. Qxd5 d2 63. Qh5 Qe4+ 64. Kh2 Qh7 0-1

[Event "7th Paul Keres Memorial Festival 2026 Classic A"]
[Site "ESTONIA Resort Hotel & Spa conference center, EE"]
[Date "2026.07.31"]
[Round "7"]
[White "Kazakouski, Valery"]
[Black "Ternault, Mathieu"]
[Result "1-0"]
[Board "2"]
[TimeControl "5400+30"]
[WhiteFideId "13507443"]
[BlackFideId "20641532"]
[WhiteElo "2594"]
[BlackElo "2281"]
[WhiteTitle "GM"]
[BlackTitle "FM"]
[WhiteClock "0:44:18"]
[BlackClock "0:01:10"]
[Variant "Standard"]
[EndDate "2026.07.31"]
[EndTime "10:22:06"]

1. d4 e6 2. c4 Nf6 3. Nc3 Bb4 4. e3 b6 5. Nge2 Ba6 6. Ng3 Bxc3+ 7. bxc3 d5 8. cxd5 Bxf1 9. Rxf1 Qxd5 10. f3 Nc6 11. e4 Qc4 12. Qb3 Na5 13. Qxc4 Nxc4 14. Ke2 Kd7 15. Nh1 Kc6 16. Nf2 a6 17. Nd3 Nd7 18. a4 Rhe8 19. g4 Kb7 20. h4 Rac8 21. Rb1 c5 22. Rd1 cxd4 23. cxd4 Na5 24. Be3 Rc2+ 25. Rd2 Rxd2+ 26. Bxd2 Nc4 27. Bc3 Rc8 28. Nf4 Nce5 29. Rb3 Ng6 30. Ng2 Ne7 31. Ne3 h5 32. gxh5 Rh8 33. Nc4 Rxh5 34. Nd6+ Kc7 35. Nxf7 Nc6 36. Ng5 Kd6 37. Bb2 e5 38. Ba3+ Kc7 39. Ne6+ Kb7 40. d5 Nd4+ 41. Nxd4 exd4 42. Kd3 Rxh4 43. Kxd4 Rh1 44. Bd6 Ra1 45. Rc3 Rxa4+ 46. Ke3 Nf6 47. Rc7+ Ka8 48. Rxg7 Rc4 49. Be5 Ne8 50. Re7 Rc8 51. d6 1-0

[Event "7th Paul Keres Memorial Festival 2026 Classic A"]
[Site "ESTONIA Resort Hotel & Spa conference center, EE"]
[Date "2026.07.31"]
[Round "7"]
[White "Kirk, Ezra"]
[Black "Laurusas, Tomas"]
[Result "1/2-1/2"]
[Board "3"]
[TimeControl "5400+30"]
[WhiteFideId "600067"]
[BlackFideId "12803731"]
[WhiteElo "2378"]
[BlackElo "2511"]
[WhiteTitle "IM"]
[BlackTitle "GM"]
[WhiteClock "0:41:37"]
[BlackClock "0:21:05"]
[Variant "Standard"]
[EndDate "2026.07.31"]
[EndTime "09:38:00"]

1. e4 e5 2. Nf3 Nf6 3. Nc3 Nc6 4. Bb5 Bb4 5. O-O O-O 6. d3 d6 7. Ne2 Ne7 8. c3 Ba5 9. Ng3 Ng6 10. d4 c6 11. Bd3 Re8 12. Re1 Bb6 13. h3 Be6 14. Be3 Rc8 15. Qd2 Qe7 16. a4 Bd8 17. Bc2 Qc7 18. a5 c5 19. d5 Bd7 1/2-1/2

[Event "7th Paul Keres Memorial Festival 2026 Classic A"]
[Site "ESTONIA Resort Hotel & Spa conference center, EE"]
[Date "2026.07.31"]
[Round "7"]
[White "Maltsevskaya, Aleksandra"]
[Black "Keinanen, Toivo"]
[Result "1/2-1/2"]
[Board "4"]
[TimeControl "5400+30"]
[WhiteFideId "24174041"]
[BlackFideId "509825"]
[WhiteElo "2360"]
[BlackElo "2495"]
[WhiteTitle "IM"]
[BlackTitle "IM"]
[WhiteClock "1:01:08"]
[BlackClock "0:57:08"]
[Variant "Standard"]
[EndDate "2026.07.31"]
[EndTime "08:49:02"]

1. d4 d5 2. Nf3 Nf6 3. g3 b6 4. Bg2 Bb7 5. Ne5 e6 6. c4 Be7 7. Qa4+ c6 8. cxd5 exd5 9. Nc3 O-O 10. O-O Nfd7 11. Nxd7 Nxd7 12. e4 dxe4 13. Nxe4 Nf6 14. Nxf6+ Bxf6 15. Be3 Qd7 16. Rac1 b5 17. Qa5 Bd8 18. Qc3 Rc8 19. b4 Bb6 20. Rfd1 Rfd8 21. Qb3 Qe7 1/2-1/2

[Event "7th Paul Keres Memorial Festival 2026 Classic A"]
[Site "ESTONIA Resort Hotel & Spa conference center, EE"]
[Date "2026.07.31"]
[Round "7"]
[White "Haitin, Ilja"]
[Black "Kreken, Eivind Grunt"]
[Result "0-1"]
[Board "5"]
[TimeControl "5400+30"]
[WhiteFideId "4501764"]
[BlackFideId "1532359"]
[WhiteElo "2273"]
[BlackElo "2335"]
[WhiteTitle "FM"]
[BlackTitle "FM"]
[WhiteClock "0:00:43"]
[BlackClock "0:09:52"]
[Variant "Standard"]
[EndDate "2026.07.31"]
[EndTime "10:45:06"]

1. e4 c5 2. Nf3 Nc6 3. Bb5 Qb6 4. Bxc6 Qxc6 5. Nc3 e6 6. d4 cxd4 7. Nxd4 Qc7 8. Be3 a6 9. O-O b5 10. a3 Bb7 11. f4 Bc5 12. Qd3 Nf6 13. Nb3 Bxe3+ 14. Qxe3 O-O 15. Rae1 Rac8 16. e5 Nd5 17. Nxd5 Bxd5 18. Nd4 f6 19. c3 Qb7 20. Qg3 fxe5 21. fxe5 Bc4 22. Rxf8+ Rxf8 23. b3 Bd5 24. Rf1 Rxf1+ 25. Kxf1 Qc7 26. Kg1 h6 27. h4 Qa5 28. b4 Qxa3 29. Kh2 Qb2 30. h5 Qd2 31. Qg6 Qf4+ 32. Qg3 Qe4 33. Nf3 Qf5 34. Qh4 Bxf3 35. gxf3 Qxe5+ 36. f4 Qf6 37. Qg3 Qf5 38. Qh4 Kh7 39. Kg1 e5 0-1

[Event "7th Paul Keres Memorial Festival 2026 Classic A"]
[Site "ESTONIA Resort Hotel & Spa conference center, EE"]
[Date "2026.07.31"]
[Round "7"]
[White "De Seroux, Camille"]
[Black "Ostensen, Nicolai Maxime"]
[Result "0-1"]
[Board "6"]
[TimeControl "5400+30"]
[WhiteFideId "1305620"]
[BlackFideId "1546970"]
[WhiteElo "2170"]
[BlackElo "2407"]
[WhiteTitle "WIM"]
[BlackTitle "FM"]
[WhiteClock "0:00:39"]
[BlackClock "0:11:27"]
[Variant "Standard"]
[EndDate "2026.07.31"]
[EndTime "10:35:08"]

1. e4 c5 2. Nc3 a6 3. d4 cxd4 4. Qxd4 Nc6 5. Qd3 b5 6. Be2 e6 7. Bf4 Nf6 8. Bf3 b4 9. Nd5 d6 10. Nxf6+ gxf6 11. O-O-O Ne5 12. Qb3 a5 13. Be2 Bd7 14. Bg3 Rb8 15. f4 a4 16. Qe3 Nc6 17. Nf3 Qb6 18. Qd2 b3 19. cxb3 Nb4 20. Kb1 Nxa2 21. bxa4 Qb3 22. Bb5 Bxb5 23. axb5 Rxb5 24. Rc1 Nxc1 25. Rxc1 Rc5 26. Rxc5 dxc5 27. Bh4 Be7 28. e5 fxe5 29. Nxe5 Qd5 30. Qe1 f6 31. Ng4 Qf5+ 0-1

[Event "7th Paul Keres Memorial Festival 2026 Classic A"]
[Site "ESTONIA Resort Hotel & Spa conference center, EE"]
[Date "2026.07.31"]
[Round "7"]
[White "Povilaitis, Tomas"]
[Black "Keinanen, Anastasia"]
[Result "1/2-1/2"]
[Board "7"]
[TimeControl "5400+30"]
[WhiteFideId "12811700"]
[BlackFideId "34101737"]
[WhiteElo "2150"]
[BlackElo "2259"]
[BlackTitle "WIM"]
[WhiteClock "0:19:17"]
[BlackClock "0:05:18"]
[Variant "Standard"]
[EndDate "2026.07.31"]
[EndTime "10:41:45"]

1. e4 e5 2. Nf3 Nc6 3. d4 exd4 4. Nxd4 Nf6 5. Nxc6 bxc6 6. e5 Qe7 7. Qe2 Nd5 8. h4 Qe6 9. Nd2 a5 10. g3 Ba6 11. c4 Nb6 12. Bh3 Bxc4 13. Bxe6 Bxe2 14. Bxf7+ Kxf7 15. Kxe2 d6 16. f4 dxe5 17. fxe5 Re8 18. Rf1+ Kg6 19. Nf3 Bd6 20. Bf4 Nd7 21. Rac1 Nxe5 22. Nxe5+ Bxe5 23. Rxc6+ Bd6+ 24. Kf3 Rhf8 25. Rd1 Rf6 26. Rd5 Bxf4 27. Rxf6+ Kxf6 28. Kxf4 Re2 29. Rb5 a4 30. a3 Rf2+ 31. Kg4 g6 32. Rb7 h5+ 33. Kh3 Rc2 34. g4 hxg4+ 35. Kxg4 Rc4+ 36. Kg3 Kf5 37. Rb8 Rg4+ 38. Kh3 Rc4 39. Kg3 Rg4+ 40. Kh3 Rc4 1/2-1/2

[Event "7th Paul Keres Memorial Festival 2026 Classic A"]
[Site "ESTONIA Resort Hotel & Spa conference center, EE"]
[Date "2026.07.31"]
[Round "7"]
[White "Kubicka, Anna"]
[Black "Ter-Avetisjana, Agnesa Stepania"]
[Result "0-1"]
[Board "8"]
[TimeControl "5400+30"]
[WhiteFideId "1152254"]
[BlackFideId "11614900"]
[WhiteElo "2236"]
[BlackElo "2141"]
[WhiteTitle "WIM"]
[BlackTitle "WIM"]
[WhiteClock "0:01:21"]
[BlackClock "0:18:42"]
[Variant "Standard"]
[EndDate "2026.07.31"]
[EndTime "10:54:13"]

1. e4 c6 2. d4 d5 3. e5 Bf5 4. Nf3 e6 5. Be2 a6 6. O-O h6 7. Nbd2 Nd7 8. c3 c5 9. Re1 Rc8 10. Nf1 Bg4 11. Ne3 Bxf3 12. Bxf3 cxd4 13. Qxd4 Bc5 14. Qf4 Ne7 15. Qg3 Bxe3 16. Bxe3 Nf5 17. Qh3 Nxe5 18. Bh5 Qf6 19. Bd4 Nxd4 20. cxd4 Ng6 21. Bxg6 Qxg6 22. Qa3 Qc2 23. h4 Kd7 24. Qg3 g6 25. Rac1 Qd2 26. Rcd1 Qb4 27. Qf3 Rhf8 28. h5 g5 29. Re3 Qe7 30. Rde1 Rfe8 31. Re5 Qf8 32. b4 Kc7 33. b5 a5 34. R5e3 Kb6 35. a4 Rc4 36. Qf6 Ka7 37. b6+ Kxb6 38. Rb1+ Ka7 39. Reb3 Rb4 40. Rxb4 axb4 41. g3 Rc8 42. Kg2 Rc3 43. Qe5 b3 44. a5 Qb4 45. a6 Kxa6 46. Ra1+ Kb6 47. Qb8 b2 48. Qd8+ Rc7 49. Rb1 Qxd4 50. Kh3 g4+ 51. Kh4 Qb4 52. Qf6 Rc1 53. Qf4 Qe7+ 54. Kxg4 Rc4 55. Rxb2+ Kc5 56. Rc2 Qg5+ 0-1

[Event "7th Paul Keres Memorial Festival 2026 Classic A"]
[Site "ESTONIA Resort Hotel & Spa conference center, EE"]
[Date "2026.07.31"]
[Round "7"]
[White "Juknis, Paulius"]
[Black "Lagarde, Maxime"]
[Result "0-1"]
[Board "9"]
[TimeControl "5400+30"]
[WhiteFideId "12802247"]
[BlackFideId "662399"]
[WhiteElo "2157"]
[BlackElo "2622"]
[WhiteTitle "CM"]
[BlackTitle "GM"]
[WhiteClock "0:05:41"]
[BlackClock "0:32:36"]
[Variant "Standard"]
[EndDate "2026.07.31"]
[EndTime "10:41:35"]

1. d4 e6 2. Bf4 b6 3. e3 Bb7 4. Nf3 d6 5. h3 Nd7 6. a4 a5 7. Bb5 Be7 8. Nbd2 Ngf6 9. Bh2 O-O 10. O-O Ne4 11. Nxe4 Bxe4 12. Bd3 Bb7 13. e4 Bf6 14. c3 g6 15. Re1 Bg7 16. Bc2 e5 17. Qd2 Qe7 18. Rad1 Rad8 19. Bg3 Kh8 20. Qe2 f6 21. h4 h5 22. Nd2 Bh6 23. Nf1 Qg7 24. Qc4 Nb8 25. Qe2 Rde8 26. dxe5 fxe5 27. f3 Nc6 28. Bb3 Nd8 29. Bc4 Ne6 30. Bxe6 Rxe6 31. Ne3 Ref6 32. b4 Bc8 33. Nd5 R6f7 34. bxa5 bxa5 35. Rb1 g5 36. hxg5 Bxg5 37. Kf2 h4 38. Rh1 Qh6 39. Kg1 Rh7 40. Rb8 Rg8 41. Bf2 h3 42. Rh2 c6 43. Rxc8 Rxc8 44. Rxh3 Qe6 45. Rxh7+ Kxh7 46. Nb6 Rg8 47. Qc4 Qe8 48. Qa6 Bf4 49. Kf1 Qg6 50. g4 Rf8 51. Qb7+ Rf7 52. Qxc6 Bh6 53. Qe8 Qf6 0-1

[Event "7th Paul Keres Memorial Festival 2026 Classic A"]
[Site "ESTONIA Resort Hotel & Spa conference center, EE"]
[Date "2026.07.31"]
[Round "7"]
[White "Berzina, Ilze"]
[Black "Jakubowski, Krzysztof"]
[Result "0-1"]
[Board "10"]
[TimeControl "5400+30"]
[WhiteFideId "11601345"]
[BlackFideId "1112848"]
[WhiteElo "2154"]
[BlackElo "2424"]
[WhiteTitle "WGM"]
[BlackTitle "GM"]
[WhiteClock "0:01:12"]
[BlackClock "0:43:06"]
[Variant "Standard"]
[EndDate "2026.07.31"]
[EndTime "10:13:21"]

1. e4 c5 2. Nf3 Nc6 3. Bb5 e6 4. O-O Nge7 5. Re1 a6 6. Bf1 b6 7. c3 d5 8. exd5 Nxd5 9. d4 cxd4 10. Nxd4 Bb7 11. Nf3 Be7 12. Nbd2 O-O 13. Ne4 Qc7 14. Bd2 Rfd8 15. Qc1 b5 16. Bg5 f6 17. Bd2 e5 18. c4 bxc4 19. Qxc4 Kh8 20. Rac1 Qb6 21. Nc5 Bxc5 22. Qxc5 Qxc5 23. Rxc5 Ndb4 24. Re3 Nxa2 25. Rb3 Rd7 26. Rxb7 Rxb7 27. Rxc6 Rxb2 28. Ba5 e4 29. Nd4 Nb4 30. Re6 Nd3 31. Rxe4 Nxf2 32. Re7 Ra2 33. Be1 Ng4 34. Nf5 a5 35. Rxg7 Ne3 36. Rf7 Nxf5 37. Rxf6 Ne3 38. Bc3 Kg8 39. Ba6 Rxg2+ 40. Kh1 Rc2 0-1

[Event "7th Paul Keres Memorial Festival 2026 Classic A"]
[Site "ESTONIA Resort Hotel & Spa conference center, EE"]
[Date "2026.07.31"]
[Round "8"]
[White "Zeng, Chongsheng"]
[Black "Maltsevskaya, Aleksandra"]
[Result "1-0"]
[Board "1"]
[TimeControl "5400+30"]
[WhiteFideId "8603847"]
[BlackFideId "24174041"]
[WhiteElo "2565"]
[BlackElo "2360"]
[WhiteTitle "GM"]
[BlackTitle "IM"]
[WhiteClock "0:05:26"]
[BlackClock "0:00:57"]
[Variant "Standard"]
[EndDate "2026.07.31"]
[EndTime "16:48:04"]

1. c4 e6 2. Nf3 Nf6 3. g3 d5 4. Bg2 Be7 5. O-O dxc4 6. Qa4+ Nbd7 7. Qxc4 c5 8. Qc2 O-O 9. Nc3 Rb8 10. d4 b5 11. Rd1 Bb7 12. Bf4 Rc8 13. Nxb5 Qb6 14. Nc3 cxd4 15. Nxd4 Bxg2 16. Kxg2 Bc5 17. Nb3 Bxf2 18. Rd6 Qb7+ 19. Kxf2 e5 20. Rxd7 Qxd7 21. Bg5 Ng4+ 22. Kg1 h6 23. Bd2 a5 24. Qe4 Rfd8 25. Rf1 Qa7+ 26. e3 Nf6 27. Qxe5 Rd3 28. Qf5 Rcd8 29. Bc1 a4 30. Nd4 R8xd4 31. exd4 Qxd4+ 32. Qf2 Qc4 33. a3 h5 34. Bg5 Ng4 35. Qa7 f6 36. Bf4 Rxc3 37. bxc3 Qe2 38. Qa8+ 1-0

[Event "7th Paul Keres Memorial Festival 2026 Classic A"]
[Site "ESTONIA Resort Hotel & Spa conference center, EE"]
[Date "2026.07.31"]
[Round "8"]
[White "Ter-Avetisjana, Agnesa Stepania"]
[Black "Kazakouski, Valery"]
[Result "0-1"]
[Board "2"]
[TimeControl "5400+30"]
[WhiteFideId "11614900"]
[BlackFideId "13507443"]
[WhiteElo "2141"]
[BlackElo "2594"]
[WhiteTitle "WIM"]
[BlackTitle "GM"]
[WhiteClock "0:04:25"]
[BlackClock "0:51:34"]
[Variant "Standard"]
[EndDate "2026.07.31"]
[EndTime "15:55:09"]

1. e4 c5 2. Nf3 g6 3. c3 d5 4. exd5 Qxd5 5. d4 Bg7 6. Be3 cxd4 7. Bxd4 Nf6 8. Na3 Nc6 9. Bc4 Qh5 10. Be3 O-O 11. Nd4 Ng4 12. Nxc6 bxc6 13. Bf4 Qf5 14. Bg3 Qe4+ 15. Kf1 Ne5 16. Bxe5 Qxe5 17. Qe2 Qc5 18. h4 h5 19. g3 Bg4 20. f3 Bf5 21. Kg2 Rab8 22. Rac1 a5 23. Bb3 e5 24. Qc4 Qa7 25. Qe2 a4 26. Bc4 e4 27. f4 Rfd8 28. Rhe1 Qc5 29. Kh1 Bg4 30. Qxe4 Rxb2 31. Nc2 Bf5 32. Qe7 Qxe7 33. Rxe7 Rxc2 34. Rce1 Rf8 0-1

[Event "7th Paul Keres Memorial Festival 2026 Classic A"]
[Site "ESTONIA Resort Hotel & Spa conference center, EE"]
[Date "2026.07.31"]
[Round "8"]
[White "Keinanen, Toivo"]
[Black "Kirk, Ezra"]
[Result "1-0"]
[Board "3"]
[TimeControl "5400+30"]
[WhiteFideId "509825"]
[BlackFideId "600067"]
[WhiteElo "2495"]
[BlackElo "2378"]
[WhiteTitle "IM"]
[BlackTitle "IM"]
[WhiteClock "0:20:10"]
[BlackClock "0:28:03"]
[Variant "Standard"]
[EndDate "2026.07.31"]
[EndTime "15:53:21"]

1. Nf3 Nf6 2. d4 g6 3. Nbd2 d5 4. b3 Bg7 5. Bb2 O-O 6. e3 c5 7. dxc5 Nc6 8. a3 Qc7 9. c4 Rd8 10. cxd5 Rxd5 11. b4 Bg4 12. Qb3 e5 13. Bc4 Rd7 14. h3 e4 15. Ng5 Bf5 16. g4 Ne5 17. gxf5 Nd3+ 18. Bxd3 Rxd3 19. Qc4 Rad8 20. O-O-O Qd7 21. fxg6 hxg6 22. Qc2 Qf5 23. h4 Qxf2 24. Nc4 Qg3 25. Bxf6 1-0

[Event "7th Paul Keres Memorial Festival 2026 Classic A"]
[Site "ESTONIA Resort Hotel & Spa conference center, EE"]
[Date "2026.07.31"]
[Round "8"]
[White "Kreken, Eivind Grunt"]
[Black "Ostensen, Nicolai Maxime"]
[Result "1-0"]
[Board "4"]
[TimeControl "5400+30"]
[WhiteFideId "1532359"]
[BlackFideId "1546970"]
[WhiteElo "2335"]
[BlackElo "2407"]
[WhiteTitle "FM"]
[BlackTitle "FM"]
[WhiteClock "0:03:10"]
[BlackClock "0:01:04"]
[Variant "Standard"]
[EndDate "2026.07.31"]
[EndTime "17:05:17"]

1. e4 c5 2. Nf3 Nc6 3. Bb5 g6 4. Bxc6 dxc6 5. d3 Bg7 6. h3 e5 7. a4 a5 8. Na3 Qc7 9. Nc4 b6 10. Be3 Be6 11. O-O f6 12. Nfd2 g5 13. b4 axb4 14. a5 b5 15. Nb6 Ra6 16. Bxc5 Bf8 17. Nb3 Bxb3 18. Bxf8 Kxf8 19. cxb3 Qd6 20. Qg4 Ne7 21. Nc8 Qc7 22. Nxe7 Kxe7 23. d4 Qd7 24. dxe5 Qxg4 25. exf6+ Kxf6 26. hxg4 Rd8 27. f4 gxf4 28. Rxf4+ Ke6 29. Re1 Rg8 30. e5 Rg6 31. g5 Rxa5 32. Rf6+ Ke7 33. e6 Rg7 34. Rf2 Ra7 35. Rc2 Rc7 36. Rf2 Rc8 37. Ra2 Rc7 38. Rf2 Kd6 39. Rd2+ Kc5 40. Re5+ Kb6 41. Kf2 Rce7 42. Kf3 Rg6 43. Rde2 Rg8 44. Kf4 Rge8 45. R5e4 Rf8+ 46. Ke5 Kc7 47. Ra2 Kb6 48. Kd6 Rfe8 49. Rf2 Rc7 50. e7 Rcc8 51. Kd7 c5 52. Rf6+ Ka5 53. Ree6 1-0

[Event "7th Paul Keres Memorial Festival 2026 Classic A"]
[Site "ESTONIA Resort Hotel & Spa conference center, EE"]
[Date "2026.07.31"]
[Round "8"]
[White "Laurusas, Tomas"]
[Black "Lagarde, Maxime"]
[Result "1/2-1/2"]
[Board "5"]
[TimeControl "5400+30"]
[WhiteFideId "12803731"]
[BlackFideId "662399"]
[WhiteElo "2511"]
[BlackElo "2622"]
[WhiteTitle "GM"]
[BlackTitle "GM"]
[WhiteClock "1:11:02"]
[BlackClock "1:11:01"]
[Variant "Standard"]
[EndDate "2026.07.31"]
[EndTime "14:20:51"]

1. d4 Nf6 2. c4 e6 3. Nf3 b6 4. g3 Bb4+ 5. Bd2 Bxd2+ 6. Qxd2 Ba6 7. b3 O-O 8. Bg2 d5 9. O-O c5 10. Nc3 Nc6 11. Rfd1 dxc4 12. dxc5 bxc5 1/2-1/2

[Event "7th Paul Keres Memorial Festival 2026 Classic A"]
[Site "ESTONIA Resort Hotel & Spa conference center, EE"]
[Date "2026.07.31"]
[Round "8"]
[White "Keinanen, Anastasia"]
[Black "Harikrishnan.A.Ra"]
[Result "1/2-1/2"]
[Board "6"]
[TimeControl "5400+30"]
[WhiteFideId "34101737"]
[BlackFideId "5081483"]
[WhiteElo "2259"]
[BlackElo "2519"]
[WhiteTitle "WIM"]
[BlackTitle "GM"]
[WhiteClock "0:12:14"]
[BlackClock "0:45:11"]
[Variant "Standard"]
[EndDate "2026.07.31"]
[EndTime "15:58:33"]

1. e4 e6 2. d4 d5 3. Nd2 c5 4. exd5 Qxd5 5. Ngf3 cxd4 6. Bc4 Qd7 7. O-O Nc6 8. Nb3 a6 9. Nbxd4 Nxd4 10. Qxd4 Qxd4 11. Nxd4 Bd7 12. a4 Rc8 13. Bb3 Bc5 14. Rd1 Nf6 15. c3 Ke7 16. h3 Rhd8 17. Be3 Be8 18. Nc2 Ne4 19. Nd4 e5 20. Nf5+ Kf6 21. Bc2 Bc6 22. Bxe4 Rxd1+ 23. Rxd1 Bxe4 24. Rd6+ Bxd6 25. Nxd6 Bf5 26. Nxc8 Bxc8 27. f4 exf4 28. Bxf4 Kf5 29. Be3 Ke4 30. Bd4 g6 31. Bf6 Ke3 32. a5 Be6 33. b4 Ke2 34. h4 Ke3 35. g3 Kf3 36. Kh2 Bd5 37. Bg7 Kg4 38. Bf6 h6 39. Bg7 h5 1/2-1/2

[Event "7th Paul Keres Memorial Festival 2026 Classic A"]
[Site "ESTONIA Resort Hotel & Spa conference center, EE"]
[Date "2026.07.31"]
[Round "8"]
[White "Jakubowski, Krzysztof"]
[Black "Haitin, Ilja"]
[Result "1-0"]
[Board "7"]
[TimeControl "5400+30"]
[WhiteFideId "1112848"]
[BlackFideId "4501764"]
[WhiteElo "2424"]
[BlackElo "2273"]
[WhiteTitle "GM"]
[BlackTitle "FM"]
[WhiteClock "0:12:28"]
[BlackClock "0:01:31"]
[Variant "Standard"]
[EndDate "2026.07.31"]
[EndTime "16:41:00"]

1. e4 e5 2. Nf3 Nf6 3. Nxe5 d6 4. Nf3 Nxe4 5. Nc3 Nxc3 6. dxc3 Be7 7. Bf4 O-O 8. Qd2 Re8 9. O-O-O Nd7 10. h4 h6 11. Bc4 Nb6 12. Bd3 Bf8 13. Rdg1 Bg4 14. Nh2 Be6 15. g4 Qd7 16. g5 h5 17. g6 Bf5 18. Rg5 fxg6 19. Bxf5 gxf5 20. Rhg1 Re4 21. b3 Rae8 22. Nf3 Re2 23. Qd3 Rxf2 24. Bg3 Rfe2 25. Nd4 R2e3 26. Qd1 Nd5 27. Nxf5 Nxc3 28. Qxh5 Ne2+ 29. Kb2 Nxg3 30. R1xg3 R3e6 31. Qg4 R8e7 32. h5 Re4 33. Qf3 Qe6 34. Nxe7+ Qxe7 35. h6 d5 36. Rxg7+ Bxg7+ 37. Rxg7+ Qxg7+ 38. hxg7 Kxg7 39. Qg3+ 1-0

[Event "7th Paul Keres Memorial Festival 2026 Classic A"]
[Site "ESTONIA Resort Hotel & Spa conference center, EE"]
[Date "2026.07.31"]
[Round "8"]
[White "Ternault, Mathieu"]
[Black "Povilaitis, Tomas"]
[Result "0-1"]
[Board "8"]
[TimeControl "5400+30"]
[WhiteFideId "20641532"]
[BlackFideId "12811700"]
[WhiteElo "2281"]
[BlackElo "2150"]
[WhiteTitle "FM"]
[WhiteClock "0:01:07"]
[BlackClock "0:02:13"]
[Variant "Standard"]
[EndDate "2026.07.31"]
[EndTime "16:59:26"]

1. d4 d5 2. c4 c6 3. cxd5 cxd5 4. Bg5 h6 5. Bh4 Qb6 6. Nc3 e6 7. Qd2 Nc6 8. e3 Bd7 9. Rc1 Nge7 10. Bd3 Nc8 11. Nf3 Bd6 12. O-O O-O 13. Kh1 f5 14. Bg3 Bxg3 15. fxg3 Nd6 16. Qe2 Nb4 17. Ne5 Nxd3 18. Qxd3 Bb5 19. Nxb5 Qxb5 20. Qxb5 Nxb5 21. Nd3 Rfe8 22. Rc5 Nd6 23. Rfc1 b6 24. Rc6 Nc4 25. b3 Nxe3 26. Rc7 Ng4 27. R1c6 Nf6 28. Nf4 e5 29. Ne6 exd4 30. Rxg7+ Kh8 31. Rg6 Rac8 32. Rxh6+ Kg8 33. Rg6+ Kh7 34. Nf8+ Kh8 35. Rh6+ Kg7 36. Rg6+ Kh8 37. Rh6+ Nh7 38. Rxh7+ Kg8 39. Rg6+ Kxf8 40. Kg1 d3 41. Kf2 Rc2+ 42. Kf3 d2 43. Kf4 d1=Q 44. Kg5 Qc1+ 45. Kh5 Rc6 46. Rh8+ Ke7 0-1

[Event "7th Paul Keres Memorial Festival 2026 Classic A"]
[Site "ESTONIA Resort Hotel & Spa conference center, EE"]
[Date "2026.07.31"]
[Round "8"]
[White "Fecker, Noah"]
[Black "Rajandu, Aaron"]
[Result "1-0"]
[Board "9"]
[TimeControl "5400+30"]
[WhiteFideId "1334263"]
[BlackFideId "4514734"]
[WhiteElo "2371"]
[BlackElo "1953"]
[WhiteTitle "FM"]
[WhiteClock "0:06:11"]
[BlackClock "0:08:24"]
[Variant "Standard"]
[EndDate "2026.07.31"]
[EndTime "16:46:08"]

1. e4 c6 2. d4 d5 3. e5 c5 4. c3 Nc6 5. Bb5 Qb6 6. Ba4 cxd4 7. cxd4 Bf5 8. Nc3 e6 9. Nge2 Bg4 10. h3 Bxe2 11. Nxe2 Nge7 12. Bc2 Nf5 13. Bxf5 exf5 14. O-O Nd8 15. Nc3 Qc6 16. Qf3 Ne6 17. Rd1 g6 18. Be3 Rd8 19. Rac1 Qd7 20. Rc2 h5 21. Ne2 Be7 22. Rdc1 O-O 23. a3 a6 24. Rc3 Kg7 25. Nf4 Nxf4 26. Bxf4 Qe6 27. Qe3 Rfe8 28. Bg5 Bxg5 29. Qxg5 Rd7 30. Qd2 Qb6 31. Rc5 Ree7 32. b4 Qe6 33. R1c3 f6 34. f4 g5 35. h4 gxf4 36. Qxf4 fxe5 37. Rg3+ Kf8 38. dxe5 Rg7 39. Rc8+ Kf7 40. Rxg7+ Kxg7 41. Qg5+ Kh7 42. Qxh5+ 1-0

[Event "7th Paul Keres Memorial Festival 2026 Classic A"]
[Site "ESTONIA Resort Hotel & Spa conference center, EE"]
[Date "2026.07.31"]
[Round "8"]
[White "Jakubowska, Anna"]
[Black "Krivonosov, Oleg"]
[Result "0-1"]
[Board "10"]
[TimeControl "5400+30"]
[WhiteFideId "1121952"]
[BlackFideId "11600349"]
[WhiteElo "2088"]
[BlackElo "2290"]
[WhiteTitle "WIM"]
[BlackTitle "IM"]
[WhiteClock "0:10:58"]
[BlackClock "0:33:57"]
[Variant "Standard"]
[EndDate "2026.07.31"]
[EndTime "16:11:17"]

1. f4 d5 2. Nf3 g6 3. g3 Bg7 4. Bg2 Nf6 5. d3 b6 6. O-O Bb7 7. Qe1 d4 8. e4 dxe3 9. Qxe3 O-O 10. Nc3 c5 11. Qe2 Nc6 12. h3 e6 13. Be3 Nb4 14. Ne5 Nfd5 15. Nxd5 Nxd5 16. Bd2 Qc7 17. Rae1 Rad8 18. Kh2 Ne7 19. b4 Nf5 20. Bxb7 Qxb7 21. bxc5 bxc5 22. Qf2 Qd5 23. Nc4 Nd6 24. Ne5 Nf5 25. Nc4 Rb8 26. Rb1 Rxb1 27. Rxb1 Nd4 28. g4 Nxc2 29. Rb3 Nd4 30. Ra3 h5 31. Be3 Nf3+ 32. Kg3 h4+ 33. Kg2 Ne1+ 34. Kh2 Nxd3 35. Qe2 Rd8 36. Nd2 c4 37. Rxa7 c3 38. Nf3 Rb8 0-1